 Dungeon Crawl Stone Soup version 0.27.0-1-g7a089689b8 (webtiles) character file.

Game seed: 5217128415160593954

84 rogsnak the Chiller (level 4, 0/33 HPs)
             Began as a Draconian Ice Elementalist on Aug 10, 2021.
             Succumbed to Crazy Yiuf's poison
             ... on level 2 of the Dungeon.
             The game lasted 00:06:34 (2152 turns).

rogsnak the Chiller (Draconian Ice Elementalist)    Turns: 2152, Time: 00:06:35

Health: 0/33       AC:  5    Str: 10    XL:     4   Next: 23%
Magic:  3/8        EV: 12    Int: 17    God:
Gold:   27         SH:  0    Dex: 11    Spells: 4/8 levels left

rFire    . . .     SeeInvis .   m - +0 long sword
rCold    . . .     Faith    .   (no shield)
rNeg     . . .     Spirit   .   (armour unavailable)
rPois    +         Reflect  .   (helmet restricted)
rElec    .         Harm     .   (no cloak)
rCorr    .         Rampage  .   (no gloves)
Will     .....                  (no boots)
Stlth    +.........             (no amulet)
HPRegen  0.11/turn              k - ring of poison resistance
MPRegen  0.11/turn              (no ring)

@: confused, lethally poisoned (0 -> -10)
A: AC +5, unfitting armour, cold-blooded
a: no special abilities


You were on level 2 of the Dungeon.
You visited 1 branch of the dungeon, and saw 2 of its levels.

You collected 27 gold pieces.

Inventory:

Hand Weapons
 b - a +0 club
 d - a +0 mace
 m - a +0 long sword (weapon)
Missiles
 a - 31 stones
 j - a throwing net
Jewellery
 k - a ring of poison resistance (left hand)
Scrolls
 f - a scroll of fog {unknown}
 g - a scroll of teleportation {unknown}
 h - 4 scrolls of identify {unknown}
 i - a scroll of torment {unknown}
Potions
 c - a potion of curing {unknown}
 e - a potion of heal wounds {unknown}
 l - a potion of lignification {unknown}


   Skills:
 + Level 0.1 Fighting
 + Level 2.0 Dodging
 + Level 1.8 Stealth
 + Level 2.9 Spellcasting
 + Level 5.0 Ice Magic


You had 4 spell levels left.
You knew the following spells:

 Your Spells              Type           Power      Damage    Failure   Level
a - Freeze                Ice            76%        1d9       2%          1
b - Ozocubu's Armour      Ice            19%        N/A       7%          3

Your spell library contained the following spells:

 Spells                   Type           Power      Damage    Failure   Level
 Frozen Ramparts          Ice            38%        1d5       7%          3
 Beastly Appendage        Tmut           4%         N/A       19%         1
 Wereblood                Tmut           2%         N/A       26%         2
 Spider Form              Tmut/Pois      1%         N/A       47%         3
 Hailstorm                Conj/Ice       11%        3d5       52%         4


Dungeon Overview and Level Annotations

Branches:
Dungeon (2/15)

Altars:

Shops:
D:2 (

Annotations:
D:2 Crazy Yiuf


Innate Abilities, Weirdness & Mutations

Your plain brown scales are hard. (AC +5)
You cannot fit into any form of body armour.
You are cold-blooded and may be slowed by cold attacks.


Message History

Crazy Yiuf shouts!
Crazy Yiuf hits you with a +3 quarterstaff of chaos!
You are poisoned.
Casting: Freeze (safe; 2% risk of failure)
Confirm with . or Enter, or press ? or * to list all spells.
The spell is quite dangerous to cast (7% risk of failure)!
Continue anyway?
Okay, then.
Casting: Ozocubu's Armour (quite dangerous; 7% risk of failure)
Confirm with . or Enter, or press ? or * to list all spells.
The spell is quite dangerous to cast (7% risk of failure)!
Continue anyway?
A film of ice covers your body!
You feel very sick.
Crazy Yiuf drinks a potion.
Crazy Yiuf seems to grow stronger.
Unknown command.
Casting: Ozocubu's Armour (quite dangerous; 7% risk of failure)
Confirm with . or Enter, or press ? or * to list all spells.
Aiming: Freeze (safe; 2% risk of failure)
Press: ? - help, Shift-Dir - straight line, f - Crazy Yiuf
Aim: Crazy Yiuf, wielding a +3 quarterstaff of chaos and wearing a +0 cloak (strong)
You freeze Crazy Yiuf!
Crazy Yiuf is moderately wounded.
You feel very sick.
Crazy Yiuf hits you with a +3 quarterstaff of chaos!
* * * LOW HITPOINT WARNING * * *
Casting: Freeze (safe; 2% risk of failure)
Confirm with . or Enter, or press ? or * to list all spells.
Aiming: Freeze (safe; 2% risk of failure)
Press: ? - help, Shift-Dir - straight line, f/p - Crazy Yiuf
Aim: Crazy Yiuf, wielding a +3 quarterstaff of chaos and wearing a +0 cloak (moderately wounded, strong)
You freeze Crazy Yiuf!
Crazy Yiuf is severely wounded.
* * * LOW HITPOINT WARNING * * *
You feel very sick. Crazy Yiuf hits you but does no damage.
You are confused.
Your icy armour will break if you move.
Continue?
Okay, then.
Your icy armour will break if you move.
Continue?
Your icy armour cracks and falls away as you move.
You die...

......######
♣P.PP♣ #.......
>...÷.# ♣.P.♣♣
######## ......#
♣♣.♣♣ ..#...# ♣.♣♣
......# ♣♣.♣
......# ♣.♣♣
..#.#.###### ♣♣.♣
....#......# ##'##
###.######## #.@.#
#∩#...# ### #...#
#'#...# #.# #.g)#
#.....# #.# #####
#.....## #.#
.......# #.#######
.#####.# #.......#
.#####.######.####
.##...........#


You could see Crazy Yiuf (strong).

Vanquished Creatures
  Jessica (D:2)
  An adder (D:2)
  A dart slug (D:1)
  4 ball pythons
  5 bats
  An endoplasm (D:2)
  3 goblins
  7 hobgoblins
  8 jackals
  3 quokkas
  A kobold (D:1)
  6 rats
41 creatures vanquished.

Notes
Turn   | Place    | Note
-------+----------+-------------------------------------------
     0 | D:1      | rogsnak the Draconian Ice Elementalist began the quest for
                  | the Orb.
     0 | D:1      | Reached XP level 1. HP: 14/14 MP: 3/3
   375 | D:1      | Reached XP level 2. HP: 20/20 MP: 1/5
  1053 | D:2      | Reached XP level 3. HP: 24/26 MP: 1/6
  1490 | D:2      | Learned a level 3 spell: Ozocubu's Armour
  1566 | D:2      | Found Caeririv's Weapon Shop.
  1810 | D:2      | Noticed Jessica
  1921 | D:2      | Killed Jessica
  1922 | D:2      | Reached skill level 5 in Ice Magic
  1922 | D:2      | Reached XP level 4. HP: 33/33 MP: 4/8
  2141 | D:2      | Found a runed translucent door.
  2142 | D:2      | Noticed Crazy Yiuf
  2152 | D:2      | Succumbed to Crazy Yiuf's poison

Illustrated notes

Levels and vault maps discovered:
D:1:      ncdulo_halloftheorcs, layout_basic, serial_glass, glass_columns_c,
          glass_columns_a, minmay_crystal_water
D:2:      layout_loops_cross, serial_shops, nicolae_shop_window_shopping,
          uniq_crazy_yiuf_cottage, uniq_jessica

Skill      XL: |  1  2  3 |
---------------+----------+-----
Dodging        | 2 |  2.0
Ice Magic      | 5 |  5.0
Fighting       | |  0.1
Stealth        | |  1.8
Spellcasting   | |  2.9

Action                   |  1- 3 |  4- 6 || total
-------------------------+-------+-------++-------
Melee: Mace              |    31 |       ||    31
       Long sword        |     6 |     2 ||     8
       Tailslap          |     4 |       ||     4
 Cast: Freeze            |    53 |     3 ||    56
       Ozocubu's Armour  |       |     1 ||     1
 Stab: Sleeping          |     2 |       ||     2
Armor: Skin              |    34 |     3 ||    37
Dodge: Dodged            |    62 |     4 ||    66
       Rpst.: Long sword |     4 |     2 ||     6
